 Dungeon Crawl Stone Soup version 0.30-a0-135-g630cfc4551 (webtiles) character file.

Game seed: 17743909532331098422

4529 Flugkiller the Fighter (level 10, -2/86 HPs)
             Began as a Formicid Hunter on Sept 20, 2022.
             Was a Believer of Uskayaw.
             Slain by a white ugly thing (30 damage)
             ... on level 7 of the Dungeon.
             The game lasted 00:08:33 (6507 turns).

Flugkiller the Fighter (Formicid Hunter)            Turns: 6507, Time: 00:08:34

Health: -2/86      AC: 16    Str: 16    XL:     10   Next: 66%
Magic:  14/14      EV: 17    Int:  9    God:    Uskayaw [**....]
Gold:   347        SH:  0    Dex: 21    Spells: 9/9 levels left

rFire   . . .      SeeInvis +    t - +6 dagger (protect)
rCold   . . .      Faith    .    (no shield)
rNeg    . . .      Spirit   .    x - +0 steam dragon scales
rPois   +          Reflect  .    (helmet unavailable)
rElec   .          Harm     .    D - +0 cloak
rCorr   .          Rampage  .    j - +0 pair of gloves
Will    +....                    E - +1 pair of boots
Stlth   ++........               f - amulet of regeneration
HPRegen 1.04/turn                o - ring of poison resistance
MPRegen 0.14/turn                (no ring)

@: under a protective aura
A: permanent stasis, dig shafts and tunnels, antennae 3, four strong arms
a: Dig, Shaft Self, Renounce Religion, Stomp, Line Pass


You were on level 7 of the Dungeon.
You worshipped Uskayaw.
Uskayaw was noncommittal.
You visited 2 branches of the dungeon, and saw 8 of its levels.

You collected 377 gold pieces.
You spent 30 gold pieces at shops.

Inventory:

Hand Weapons
 a - a +0 shortbow
 s - a +0 quick blade
   (You found it on level 5 of the Dungeon)
 t - a +6 dagger of protection (weapon)
   (You took it off a kobold on level 3 of the Dungeon)
 A - a +0 rapier
   (You found it on level 6 of the Dungeon)
 B - a +0 scimitar
   (You found it on level 5 of the Dungeon)
Missiles
 C - a curare-tipped dart
Armour
 c - a +0 leather armour
 j - a +0 pair of gloves (worn)
   (You found it on level 3 of the Dungeon)
 l - an orb of mayhem
   (You found it on level 1 of the Dungeon)
 x - +0 steam dragon scales (worn)
   (You found it on level 7 of the Dungeon)
 D - a +0 cloak (worn)
   (You found it on level 7 of the Dungeon)
 E - a +1 pair of boots (worn)
   (You found it on level 7 of the Dungeon)
Magical Staves
 n - a staff of earth
   (You found it on level 2 of the Dungeon)
Jewellery
 f - an amulet of regeneration (around neck)
   (You found it on level 1 of the Dungeon)
 k - an amulet of reflection
   (You found it on level 5 of the Dungeon)
 o - a ring of poison resistance (left hand)
   (You found it on level 7 of the Dungeon)
Wands
 y - a wand of flame (10)
   (You found it on level 7 of the Dungeon)
 F - a wand of mindburst (11)
   (You found it on level 7 of the Dungeon)
 H - a wand of roots (5)
   (You found it on level 7 of the Dungeon)
Scrolls
 b - 4 scrolls of immolation
 h - a scroll of poison
 i - a scroll of fear
 p - 2 scrolls of fog
 r - a scroll of identify
 u - a scroll of enchant weapon
 v - 2 scrolls of torment
 G - 2 scrolls of magic mapping
Potions
 d - a potion of might
 e - a potion of attraction
 g - a potion of cancellation
 m - 2 potions of flight
 q - 2 potions of curing
 z - a potion of mutation


   Skills:
 - Level 10.7 Fighting
 + Level 6.6 Short Blades
 - Level 4.0 Ranged Weapons
 - Level 7.5 Dodging
 - Level 1.2 Stealth
 + Level 5.4 Invocations


You had 9 spell levels left.
You didn't know any spells.
Your spell library contained the following spells:

 Spells                   Type           Power      Damage    Failure   Level
 Foxfire                  Conj/Fire      0%         2x1d4     38%         1
 Necrotise                Necr           0%         1d4       38%         1
 Cigotuvi's Dreadful Rot  Necr/Pois/Air  0%         N/A       52%         2
 Inner Flame              Hex/Fire       0%         N/A       77%         3
 Kindle Blastsparks       Fire/Tloc/Air  0%         2d10      77%         3
 Ozocubu's Armour         Ice            0%         N/A       77%         3
 Vampiric Draining        Necr           0%         2d6       77%         3
 Dispel Undead            Necr           0%         3d6       99%         4
 Flame Wave               Conj/Fire      0%         2d4       99%         4
 Agony                    Necr           0%         N/A       100%        5
 Death Channel            Necr           0%         N/A       100%        6
 Ozocubu's Refrigeration  Ice            0%         4d7       100%        7


Dungeon Overview and Level Annotations

Branches:
Dungeon (7/15) Zot: 26186  Temple (1/1) D:5 Zot: 5901

Altars:
Dithmenos
Elyvilon
Fedhas
Gozag
Hepliaklqana
Makhleb
Okawaru
Qazlal
Sif Muna
Trog
Uskayaw
Vehumet
Wu Jian
Xom
Yredelemnul
Zin
The Shining One

Shops:
D:2 (   D:4 [   D:5 [![*


Innate Abilities, Weirdness & Mutations

You cannot be hasted, slowed, berserked, paralysed or teleported.
You can dig through walls and to a lower floor.
You have a pair of large antennae on your head. (SInv)
Your four strong arms can wield two-handed weapons with a shield.


Message History

a +0 scale mail; a +4 spear The two-headed ogre shouts in stereo!
You see here 9 gold pieces.
You now have 347 gold pieces (gained 9).
Unknown command.
Aiming: Mindburst
Press: ? - help, Shift-Dir - straight line, f - two-headed ogre
Aim: a two-headed ogre, wielding two +0 giant clubs (chance to affect: 47%)
The two-headed ogre resists with some effort.
Aiming: Mindburst
Press: ? - help, Shift-Dir - straight line, f/p - two-headed ogre
Aim: a two-headed ogre, wielding two +0 giant clubs (chance to affect: 47%)
The two-headed ogre resists with some effort.
There is a stone staircase leading up here.
You climb upwards.
There is a stone staircase leading down here.
There is an open door here.
There is a stone staircase leading down here.
You climb downwards.
There is a stone staircase leading up here.
H - a wand of roots (5) As you open the door, it creaks loudly!
A white ugly thing and a water moccasin come into view.
The white ugly thing gurgles horribly!
The water moccasin hisses angrily.
Found a fizzy brown potion and 16 gold pieces.
Okay, then.
Unknown command.
Aiming: Mindburst
Press: ? - help, Shift-Dir - straight line, f - white ugly thing
Aim: a white ugly thing (chance to affect: 47%)
The white ugly thing resists with some effort.
Aiming: Mindburst
Press: ? - help, Shift-Dir - straight line, f/p - white ugly thing
Aim: a white ugly thing (chance to affect: 47%)
The white ugly thing's mind is blasted!!
You hear two shouts!
Welcome back, Flugkiller the Formicid Hunter.
Uskayaw says: Surrender yourself to the rhythm!
Press ? for a list of commands and other information.
Unknown command.
Unknown command.
You hit the white ugly thing.
Your weapon exudes an aura of protection.
The white ugly thing is heavily wounded.
The white ugly thing claws you but does no damage.
You closely miss the white ugly thing.
The white ugly thing is heavily wounded.
You hit the white ugly thing but do no damage.
The white ugly thing is heavily wounded.
The white ugly thing claws you but does no damage.
You closely miss the white ugly thing.
The white ugly thing is heavily wounded.
The white ugly thing claws you but does no damage.
You completely miss the white ugly thing.
The white ugly thing is heavily wounded.
You hit the white ugly thing.
The white ugly thing is heavily wounded.
The white ugly thing misses you.
You hit the white ugly thing.
The white ugly thing is heavily wounded.
The white ugly thing claws you but does no damage.
The two-headed ogre barely misses you. The two-headed ogre misses you.
You can now pass through a line of other dancers.
You hit the white ugly thing.
The white ugly thing is heavily wounded.
The two-headed ogre attacks as you move away!
The two-headed ogre misses you.
The two-headed ogre hits you with a +0 giant club!
The white ugly thing claws you! The white ugly thing freezes you!!
You see here 6 stones.
The white ugly thing attacks as you move away!
The white ugly thing closely misses you.
Things that are here:
a +0 robe; a +0 whip You hit the white ugly thing.
The white ugly thing is heavily wounded.
The white ugly thing claws you but does no damage.
You hit the white ugly thing but do no damage.
The white ugly thing is heavily wounded.
The white ugly thing barely misses you. The water moccasin closely misses you.
The white ugly thing attacks as you move away!
The white ugly thing claws you. The white ugly thing freezes you!
The water moccasin attacks as you move away!
The water moccasin barely misses you.
You feel better. The water moccasin closely misses you.
You feel much better. The water moccasin closely misses you.
You puncture the white ugly thing!
The white ugly thing is heavily wounded.
You hit the white ugly thing.
The white ugly thing is severely wounded.
The white ugly thing claws you! The white ugly thing freezes you!!
You puncture the white ugly thing!
The white ugly thing is severely wounded.
You barely miss the white ugly thing.
The white ugly thing is severely wounded.
The white ugly thing closely misses you.
You barely miss the white ugly thing.
The white ugly thing is severely wounded.
The white ugly thing claws you! The white ugly thing freezes you!!
You die...

..####...#P...P#..##.#.#P...P#..#
......#..#.###.#.#.#...#.#+#.#..#
..#......# +$#!'.#####.#.#)#.#..#
####.....#.###S#.##....#.###.#..#
.# ###...#P.u. #....#..#P...P#..#
.####....#######{#.#.#.###'###..#
..##...........OS#[#.#..........#
......#..##.#..##u##..####.##....
....####.#.###.#@#(#)##...####...
.....#.#...#####.#.#####.........
.........#..###.#.#...#.#.#.##...
...##....#.#..#..#.#..####.#.#...
.....##...#..##...#.#............
.#........#..#.....#.#.#######..#
.#.#......#.#.#..#.#.#.# #...
.#.###.......##.##...#.# #...
............#...##.#...+ #...


You could see a white ugly thing.

Vanquished Creatures
  A manticore (D:7)
  A hornet (D:7)
  Grinder (D:5)
  A steam dragon (D:7)
  5 vampire mosquitoes
  Menkaure (D:5)
  2 ice beasts
  A black bear (D:6)
  4 sky beasts
  2 ogres (D:5)
  3 phantoms
  A kobold brigand (D:7)
  2 bullfrogs
  A gnoll sergeant (D:7)
  A necrophage (D:5)
  2 scorpions
  A wyvern zombie (D:6)
  5 wights
  A water moccasin zombie (D:6)
  2 howler monkeys (D:7)
  A bullfrog zombie (D:6)
  A centaur zombie (D:6)
  A human zombie (D:6)
  7 hounds
  A jelly (D:6)
  An orc priest (D:6)
  A gnoll bouda (D:7)
  2 iguanas
  4 orc wizards (D:5)
  A killer bee zombie (D:6)
  A mummy (D:6)
  A howler monkey zombie (D:6)
  12 adders
  A shadow imp (D:7)
  2 dart slugs
  A worm (D:2)
  25 orcs
  9 endoplasms
  A giant cockroach (D:1)
  8 goblins
  8 hobgoblins
  3 jackals
  3 quokkas
  7 ball pythons
  7 bats
  3 frilled lizards (D:2)
  14 kobolds
  5 rats
169 creatures vanquished.

Vanquished Creatures (collateral kills)
  3 wights (D:5)
  2 jackals (D:5)
5 creatures vanquished.

Vanquished Creatures (others)
  An orc priest (D:7)
  An orc wizard (D:7)
  9 plants
11 creatures vanquished.

Grand Total: 185 creatures vanquished

Notes
Turn   | Place    | Note
-------+----------+-------------------------------------------
     0 | D:1      | Flugkiller the Formicid Hunter began the quest for the Orb.
     0 | D:1      | Reached XP level 1. HP: 16/16 MP: 1/1
   208 | D:1      | Reached XP level 2. HP: 23/23 MP: 2/2
   212 | D:1      | Reached skill level 3 in Fighting
   327 | D:1      | Found a faded altar of an unknown god.
   548 | D:1      | Reached XP level 3. HP: 29/29 MP: 3/3
   859 | D:2      | Reached skill level 4 in Fighting
   965 | D:2      | Reached XP level 4. HP: 38/38 MP: 4/4
  1316 | D:2      | Found Rulica's Weapon Shoppe.
  1600 | D:3      | Reached skill level 5 in Fighting
  1633 | D:3      | Reached XP level 5. HP: 44/44 MP: 5/5
  1686 | D:3      | Found a burning altar of Makhleb.
  2079 | D:3      | Reached skill level 1 in Short Blades
  2414 | D:4      | Noticed a bullfrog
  2422 | D:4      | Killed a bullfrog
  2423 | D:4      | Reached skill level 6 in Fighting
  2423 | D:4      | Reached XP level 6. HP: 39/52 MP: 6/6
  2811 | D:4      | Found Dilylini's Antique Armour Boutique.
  2827 | D:4      | Found a glowing golden altar of the Shining One.
  3186 | D:5      | Entered Level 5 of the Dungeon
  3203 | D:5      | Noticed an ogre
  3221 | D:5      | Killed an ogre
  3222 | D:5      | Reached XP level 7. HP: 8/59 MP: 7/7
  3286 | D:5      | Found a white marble altar of Elyvilon.
  3420 | D:5      | Found Intose's Antique Armour Shoppe.
  3526 | D:5      | Reached skill level 7 in Fighting
  3560 | D:5      | Found Wuomej's Antique Armour Emporium.
  3566 | D:5      | Reached XP level 8. HP: 22/63 MP: 8/8
  3600 | D:5      | Reached skill level 8 in Fighting
  3612 | D:5      | HP: 1/68 [vampire mosquito (7)]
  3615 | D:5      | Reached skill level 5 in Dodging
  3618 | D:5      | Reached XP level 9. HP: 28/75 MP: 9/9
  3686 | D:5      | Found Laarrafihi's Distillery.
  3726 | D:5      | Bought a potion of curing for 30 gold pieces
  3977 | D:5      | Found Melloph's Assorted Antiques.
  4013 | D:5      | Noticed Menkaure
  4021 | D:5      | Killed Menkaure
  4022 | D:5      | Reached skill level 9 in Fighting
  4038 | D:5      | Noticed Grinder
  4070 | D:5      | Killed Grinder
  4199 | D:5      | Found a staircase to the Ecumenical Temple.
  4371 | Temple   | Entered the Ecumenical Temple
  4422 | Temple   | Became a worshipper of Uskayaw the Reveller
  4551 | D:5      | Reached * piety under Uskayaw
  4586 | D:5      | Reached ** piety under Uskayaw
  4807 | D:6      | Reached skill level 10 in Fighting
  4876 | D:6      | Reached *** piety under Uskayaw
  4922 | D:6      | Found a basalt altar of Yredelemnul.
  4952 | D:6      | Reached **** piety under Uskayaw
  5010 | D:6      | Reached ***** piety under Uskayaw
  5089 | D:6      | Reached XP level 10. HP: 83/86 MP: 10/10
  5702 | D:7      | Reached skill level 1 in Invocations
  5718 | D:7      | Reached skill level 5 in Short Blades
  5720 | D:7      | Reached ****** piety under Uskayaw
  5759 | D:7      | Noticed a manticore
  5768 | D:7      | Killed a manticore
  5832 | D:7      | Found a shadowy altar of Dithmenos.
  5988 | D:7      | Reached skill level 5 in Invocations
  6130 | D:7      | Noticed a two-headed ogre
  6481 | D:7      | Noticed a white ugly thing
  6507 | D:7      | Slain by a white ugly thing

Illustrated notes

Levels and vault maps discovered:
D:1:      elethiomel_arrival_shortcut, layout_loops_corners,
          ebering_ecumenical_altar_mist, kennysheep_doodads, minivault_23,
          chequers_serial_rivers_micro_d
D:2:      layout_loops_cross, serial_shops, shop, chequers_serial_rivers_room_b,
          kennysheep_another_room
D:3:      layout_loops_cross, mainiacjoe_overflow_cross_hatched, st_stairs_1,
          dk_noncrumbling_3, kennysheep_generic_room_3
D:4:      layout_basic, tso_altar, serial_shops, kennysheep_mini_moat,
          serial_bayou_crossing
D:5:      layout_gridville, elyvilon_altar_5, lemuel_temple_firewalk_b,
          serial_shops, kennysheep_mini, nicolae_stop_n_shop_1,
          nicolae_shop_hallway_stairs, shop, uniq_menkaure, uniq_grinder
D:6:      layout_basic, lemuel_mausoleum_altar_yredelemnul
D:7:      layout_cave_pools, grunt_dithmenos_smoke, minmay_misc_feat_doors,
          minmay_shattered_shrine
Temple:   nicolae_temple_hex_pool

Skill      XL: |  1  2  3  4  5  6  7  8  9 10 |
---------------+-------------------------------+-----
Fighting       | 3 4 5 6 7 8 10 | 10.7
Short Blades   | 2 3 4 6 |  6.6
Dodging        | 2 3 5 7 |  7.5
Invocations    | 5 |  5.4
Ranged Weapons | |  4.0
Stealth        | |  1.2

Action                   |  1- 3 |  4- 6 |  7- 9 | 10-12 || total
-------------------------+-------+-------+-------+-------++-------
Melee: Dagger            |       |   120 |   270 |   180 ||   570
       Punch             |       |     1 |     3 |     6 ||    10
 Fire: Shortbow          |    77 |    68 |       |       ||   145
Evoke: Wand              |       |       |       |     4 ||     4
  Use: Scroll            |       |     9 |     5 |     2 ||    16
       Potion            |       |       |     3 |     3 ||     6
 Stab: Sleeping          |       |     2 |    10 |     2 ||    14
       Distracted        |       |       |     1 |       ||     1
       Paralysed         |       |       |     3 |     8 ||    11
Armor: Leather armour    |     4 |    28 |   103 |    14 ||   149
       Steam dragon scal |       |       |       |    21 ||    21
Dodge: Dodged            |    20 |   101 |   169 |   118 ||   408

Table legend: (Time is in decaauts)
 A = Elapsed time spent in this place.
 B = Non-inter-level travel time spent in this place.
 C = Inter-level travel time spent in this place.
 D = Time resting spent in this place.
 E = Time spent auto-exploring this place.
 F = Levels seen in this place.
 G = Mean time per level.
                   A        B        C        D        E       F      G
               +--------+--------+--------+--------+--------+-----+--------+
         Total |   6467 |   6155 |    312 |    419 |   4340 |   8 |  808.4 |
       Dungeon |   6368 |   6076 |    292 |    419 |   4276 |   7 |  909.7 |
        Temple |     98 |     79 |     19 |      0 |     64 |   1 |   98.0 |
               +--------+--------+--------+--------+--------+-----+--------+

Top non-repeatable levels by time:
     D:5: 1212 daAuts
     D:6: 1113 daAuts
     D:4: 1020 daAuts
     D:1: 874 daAuts
     D:2: 758 daAuts
     D:7: 750 daAuts
     D:3: 638 daAuts
  Temple: 98 daAuts
